 Dungeon Crawl Stone Soup version 0.20-a0-369-g71b9d6e (webtiles) character file.

76691 Ijustatesigmund the Commander (level 15, 0/143 HPs)
             Began as a Hill Orc Monk on Dec 26, 2016.
             Was a High Priest of Okawaru.
             Slain by an orc warrior
             ... wielding a +0 glaive
              (23 damage)
             ... on level 2 of the Orcish Mines on Dec 27, 2016.
             The game lasted 01:22:02 (22497 turns).

Ijustatesigmund the Commander (Hill Orc Monk)      Turns: 22497, Time: 01:22:03

Health: 0/143      AC: 23    Str: 18    XL:     15   Next: 54%
Magic:  34/36      EV: 15    Int: 12    God:    Okawaru [*****.]
Gold:   2443       SH:  9    Dex: 20    Spells: 12/14 levels left

rFire  + . .     SeeInvis .     g - +10 mace of Royalism {crush, rElec rC+ rN++}
rCold  + . .     Gourm    .     l - +5 chain mail
rNeg   + + +     Faith    .     O - +3 buckler of Xowave {rF+ Dex+4}
rPois  .         Spirit   .     (no helmet)
rElec  +         Reflect  .     H - +1 cloak "Udeun" {+Fly MR+}
rCorr  .         Harm     .     (no gloves)
MR     +++..                    t - +2 pair of boots of the Assassin {DetectMon Stab+ Stlth++}
Stlth  +++.......               p - amulet of regeneration
                                T - ring of Lamy {rN+ MR+ MP+9 Stlth+}
                                f - +4 ring of evasion

@: about to teleport, finesse
A: clever 1
a: Heroism, Finesse, Renounce Religion, Evoke Flight


You were on level 2 of the Orcish Mines.
You worshipped Okawaru.
Okawaru was extremely pleased with you.
You were very full.

You visited 4 branches of the dungeon, and saw 22 of its levels.
You visited the Abyss 1 time.
You also visited: Ice Cave.

You collected 2718 gold pieces.
You spent 275 gold pieces at shops.

Inventory:

Hand Weapons
 a - a +1 hand axe
 g - the +10 mace of Royalism (weapon) {crush, rElec rC+ rN++}
   (You found it on level 5 of the Dungeon)

   It inflicts extra damage upon your enemies.
   It protects you from cold.
   It insulates you from electricity.
   It greatly protects you from negative energy.
Armour
 l - a +5 chain mail (worn)
 t - the +2 pair of boots of the Assassin (worn) {DetectMon Stab+ Stlth++}
   (Okawaru gifted it to you on level 1 of the Abyss)

   It makes you much more stealthy.
 C - a +0 crystal plate armour
 H - the +1 cloak "Udeun" (worn) {+Fly MR+}
   (You bought it in a shop on level 9 of the Dungeon)

   It affects your resistance to hostile enchantments.
   It lets you fly.
 O - the +3 buckler of Xowave (worn) {rF+ Dex+4}
   (Okawaru gifted it to you on level 12 of the Dungeon)

   It affects your dexterity (+4).
   It protects you from fire.
Jewellery
 f - a +4 ring of evasion (left hand)
 m - an uncursed ring of magical power
 p - an amulet of regeneration (around neck)
 D - an uncursed amulet of rage {unknown}
 E - an uncursed amulet of faith {unknown}
 Q - an uncursed ring of protection from cold
 S - an uncursed ring of resist corrosion
 T - the ring of Lamy (right hand) {rN+ MR+ MP+9 Stlth+}
   (You found it in an ice cave)

   [ring of magical power]

   It protects you from negative energy.
   It affects your resistance to hostile enchantments.
   It affects your magic capacity (+9).
   It makes you more stealthy.
 Y - the ring "Mapiwaol" {rPois MR+}
   (You found it in an ice cave)

   [ring of poison resistance]

   It protects you from poison.
   It affects your resistance to hostile enchantments.
Wands
 i - a wand of digging (10/24)
 o - a wand of digging (4/24)
 G - a wand of disintegration (5/24)
 L - a wand of lightning (3/15)
 R - a wand of confusion (7/48)
Scrolls
 e - 8 scrolls of remove curse
 q - 2 scrolls of fear
 r - 9 scrolls of immolation
 s - 2 scrolls of magic mapping
 v - 4 scrolls of teleportation
 w - 4 scrolls of recharging
 y - 4 scrolls of amnesia
 z - 2 scrolls of enchant armour
 N - 2 scrolls of enchant weapon
 X - a scroll of blinking
 Z - a scroll of identify
Potions
 d - a potion of flight
 h - 3 potions of magic
 k - 2 potions of cancellation
 u - a potion of might
 x - a potion of brilliance
 A - 4 potions of ambrosia
 F - 5 potions of lignification
 I - 3 potions of mutation
 M - a potion of invisibility {unknown}
 P - a potion of berserk rage {unknown}
 U - 3 potions of curing
 V - a potion of experience {unknown}
 W - 2 potions of agility
Miscellaneous
 B - a disc of storms
Comestibles
 b - 9 meat rations
 c - 22 bread rations


   Skills:
 - Level 15.8 Fighting
 - Level 15.1(15.5) Axes
 - Level 4.8(9.9) Maces & Flails
 - Level 11.0 Armour
 - Level 4.8 Dodging
 + Level 4.2 Stealth
 - Level 4.3 Shields
 - Level 17.7 Invocations
 - Level 5.7 Evocations


You had 12 spell levels left.
You knew the following spells:

 Your Spells              Type           Power        Failure   Level  Hunger
a - Blink                 Tloc           N/A          100%        2    ###....


Dungeon Overview and Level Annotations

Branches:
Dungeon (13/15)            Temple (1/1) D:5            Lair (6/6) D:8
 Shoals (0/4) Lair:3       Spider (0/4) Lair:2        Slime (0/5) Lair:6
    Orc (2/2) D:10            Elf (0/3) Orc:2
 Vaults: D:13-14

Altars:
Ashenzari
Cheibriados
Dithmenos
Elyvilon
Fedhas
Gozag
Hepliaklqana
Kikubaaqudgha
Makhleb
Nemelex Xobeh
Okawaru
Qazlal
Ru
Sif Muna
Trog
Uskayaw
Vehumet
Xom
Yredelemnul
Zin
The Shining One
Beogh
Lugonu

Shops:
D:9 [   Orc:1 :

Portals:
Hell: Lair:6


Innate Abilities, Weirdness & Mutations

Your mind is acute. (Int +2)


Message History

Okawaru accepts your kill.
The ynoxinul disappears in a puff of smoke!
The sun demon disappears in a puff of smoke! x2
You block the orc warrior's attack. The orc warrior closely misses you.
You closely miss the orc.
The orc wizard mumbles some strange words.
The orc wizard blinks!
You block the orc's attack.
You sock the orc!
You kill the orc!
The orc warrior hits you but does no damage.
You block the orc warrior's attack.
The orc warrior no longer looks unusually strong. x2
The orc warrior hits you with a long sword!!
* * * LOW HITPOINT WARNING * * *
The orc wizard casts a spell.
The orc wizard blinks!
The orc warlord roars a battlecry!
The orc warriors go into a battle-frenzy!
The orc warrior hits you from afar with a glaive!!
You die...

...............# *,,,,*********,
...............# *{,,,* **
...............# *,,,,* *
..........oo...# ******
.........§o)...###### ###########
..........)§o...#...###.)....[...
...........)..o§.....#.......)#..
...........).ooo§......).....##..
.#...........)).@..........###...
.#............o......).##.## ##..
.......................#### ####.
......................## ##.##.
.....................## #.....
..............).....## ##.##.
..............).)....# #####
..............).....##
...#................#


You could see an orc warlord, 5 orc warriors, 2 orc wizards and an orc.

Vanquished Creatures
  An Executioner (Abyss:1)
  An orc warlord (Orc:1)
  Azrael (Orc:2)
  A dire elephant (Lair:6)
  Snorg (D:10)
  Josephine (D:10)
  Erolcha (D:13)
  The ghost of HAL9000 the Covert, a journeyman VSEn of Dithmenos (Lair:6)
  Harold (D:10)
  A hydra (Lair:2)
  A rakshasa (Abyss:1)
  2 ice dragons (IceCv)
  3 centaur warriors
  A two-headed ogre (D:10)
  8 death yaks
  2 orc high priests (Orc:2)
  2 wretched stars (Abyss:1)
  Sonja (Lair:2)
  A sixfirhy (Lair:6)
  2 orc knights (Orc:2)
  A lindwurm (Lair:6)
  3 ugly things
  A deep elf mage (D:12)
  A wolf spider (Lair:2)
  2 cyclopes
  2 worldbinders (Abyss:1)
  4 orc sorcerers
  5 black mambas
  2 centaur zombies
  Maurice (Orc:2)
  2 ice statues (IceCv)
  3 elephants (Lair:6)
  2 smoke demons (Abyss:1)
  9 spiny frogs
  5 rime drakes
  4 orange demons
  3 kobold demonologists (D:13)
  7 komodo dragons
  4 ice devils (Lair:6)
  A hellwing (Lair:6)
  3 jumping spiders (Lair:2)
  5 trolls
  3 merfolk (Lair:3)
  5 blink frogs (Lair:3)
  2 hornets (D:9)
  4 slime creatures (D:12)
  16 hippogriffs
  5 small abominations (Abyss:1)
  51 yaks
  A wyvern (D:9)
  A ynoxinul (Abyss:1)
  5 wraiths (D:10)
  3 fire elementals (Orc:2)
  3 large abominations (Abyss:1)
  A steam dragon (Lair:4)
  3 golden eyes (Abyss:1)
  6 basilisks
  A hungry ghost (D:10)
  2 wargs (Orc:1)
  A soldier ant (D:9)
  6 hell hounds
  12 water moccasins
  8 porcupines
  A black bear (D:10)
  18 ice beasts
  32 orc warriors
  2 phantoms
  2 sky beasts
  2 necrophages
  8 ogres
  8 centaurs
  11 crocodiles
  3 gnoll sergeants
  17 bullfrogs
  5 scorpions
  3 electric eels
  4 killer bees (D:11)
  5 wights (D:8)
  7 howler monkeys
  A bullfrog zombie (D:11)
  11 crimson imps
  7 hounds
  13 jellies
  A quasit (D:8)
  16 orc priests
  4 centaur skeletons
  2 bullfrog skeletons
  An iron imp (Abyss:1)
  27 orc wizards
  A gnoll shaman (D:8)
  4 iguanas
  9 worker ants
  3 hound skeletons
  A worker ant zombie (D:11)
  14 adders
  12 gnolls
  A howler monkey skeleton (D:5)
  8 shadow imps
  A white imp (Abyss:1)
  An ufetubus (Abyss:1)
  3 oozes (Lair:6)
  2 adder skeletons (D:8)
  2 adder zombies
  2 worms
  5 dart slugs
  3 leopard geckos
  82 orcs
  5 giant cockroaches
  10 goblins
  6 hobgoblins
  5 jackals
  8 kobolds
  9 quokkas
  2 ball pythons
  9 bats
  4 frilled lizards
  A quokka skeleton (D:7)
  A quokka zombie (D:5)
  8 rats
675 creatures vanquished.

Vanquished Creatures (others)
  An orc priest (Orc:2)
  An orc wizard (Orc:2)
  6 fungi
  A plant (Lair:6)
9 creatures vanquished.

Grand Total: 684 creatures vanquished

Notes
Turn   | Place    | Note
-------+----------+-------------------------------------------
     0 | D:1      | Ijustatesigmund the Hill Orc Monk began the quest for the Orb.
     0 | D:1      | Reached XP level 1. HP: 19/19 MP: 1/1
    83 | D:1      | Reached XP level 2. HP: 20/27 MP: 2/2
   460 | D:1      | Reached XP level 3. HP: 32/33 MP: 3/3
  1081 | D:2      | Reached skill level 5 in Axes
  1346 | D:2      | Reached XP level 4. HP: 41/41 MP: 4/4
  1854 | D:3      | Reached XP level 5. HP: 42/47 MP: 5/5
  1857 | D:3      | Reached skill level 5 in Fighting
  2161 | D:3      | Found a sacrificial altar of Ru.
  2161 | D:3      | Found a shadowy altar of Dithmenos.
  2212 | D:4      | Noticed a centaur
  2228 | D:4      | Killed a centaur
  2228 | D:4      | Reached skill level 1 in Armour
  2233 | D:4      | Reached XP level 6. HP: 34/57 MP: 6/6
  2440 | D:4      | Reached XP level 7. HP: 63/63 MP: 7/7
  2852 | D:5      | Entered Level 5 of the Dungeon
  2943 | D:5      | Found a basalt altar of Yredelemnul.
  2999 | D:5      | Found a white marble altar of Elyvilon.
  3129 | D:5      | Got an encrusted mace
  3130 | D:5      | Identified the +10 mace of Royalism {crush, rElec rC+ rN++} (You found it on level 5 of the Dungeon)
  3229 | D:5      | Reached XP level 8. HP: 55/73 MP: 8/8
  3489 | D:5      | Found a staircase to the Ecumenical Temple.
  3497 | Temple   | Entered the Ecumenical Temple
  3523 | Temple   | Became a worshipper of Warmaster Okawaru
  3523 | Temple   | Reached * piety under Okawaru
  3523 | Temple   | Reached ** piety under Okawaru
  3707 | D:6      | Reached skill level 1 in Invocations
  3927 | D:6      | Reached skill level 2 in Invocations
  4327 | D:7      | Reached skill level 3 in Invocations
  4480 | D:7      | Found an opulent altar of Gozag.
  4519 | D:7      | Reached skill level 4 in Invocations
  4858 | D:7      | Reached XP level 9. HP: 72/82 MP: 12/12
  4865 | D:7      | Reached skill level 10 in Axes
  4865 | D:7      | Reached skill level 5 in Invocations
  5140 | D:8      | Found a hide-covered altar of Uskayaw.
  5144 | D:8      | Found a deep blue altar of Sif Muna.
  5152 | D:8      | Noticed a death yak
  5153 | D:8      | Found a staircase to the Lair.
  5153 | D:8      | Noticed a death yak
  5163 | D:8      | Noticed a death yak
  5363 | D:8      | Found a glowing silver altar of Zin.
  5464 | D:8      | Reached *** piety under Okawaru
  5464 | D:8      | Reached skill level 6 in Invocations
  5859 | D:9      | Reached skill level 7 in Invocations
  5963 | D:9      | Reached skill level 10 in Fighting
  6146 | D:9      | Noticed a hornet
  6148 | D:9      | Paralysed by a hornet for 3 turns
  6163 | D:9      | Killed a hornet
  6164 | D:9      | Noticed a hornet
  6167 | D:9      | Paralysed by a hornet for 2 turns
  6283 | D:9      | Killed a hornet
  6283 | D:9      | Reached XP level 10. HP: 84/93 MP: 15/15
  6333 | D:9      | Reached skill level 8 in Invocations
  6463 | D:9      | Reached **** piety under Okawaru
  6509 | D:9      | Found a glowing golden altar of the Shining One.
  6579 | D:9      | Noticed a green ugly thing
  6589 | D:9      | Killed a green ugly thing
  6644 | D:9      | Found a bloodstained altar of Trog.
  6656 | D:9      | Found a radiant altar of Vehumet.
  6678 | D:9      | Found Elidd's Antique Armour Shop.
  6686 | D:9      | Bought a pitted cloak for 275 gold pieces
  6691 | D:9      | Identified the +1 cloak "Udeun" {+Fly MR+} (You bought it in a shop on level 9 of the Dungeon)
  6789 | D:9      | Found a shattered altar of Ashenzari.
  6937 | D:9      | Reached skill level 9 in Invocations
  7026 | D:9      | Found a blossoming altar of Fedhas.
  7047 | D:10     | Entered Level 10 of the Dungeon
  7056 | D:10     | Noticed Harold
  7076 | D:10     | Killed Harold
  7076 | D:10     | Reached ***** piety under Okawaru
  7169 | D:10     | Noticed a cyclops
  7176 | D:10     | Reached skill level 10 in Invocations
  7185 | D:10     | Killed a cyclops
  7302 | D:10     | Noticed a two-headed ogre
  7459 | D:8      | Killed a death yak
  7459 | D:8      | Reached XP level 11. HP: 78/103 MP: 18/18
  7502 | D:8      | Noticed a cacodemon
  7503 | D:8      | Found a burning altar of Makhleb.
  7506 | D:8      | Found a glowing silver altar of Zin.
  7506 | D:8      | Noticed an angel
  7712 | D:7      | Killed a death yak
  7732 | D:8      | Killed a death yak
  7732 | D:8      | Reached skill level 11 in Invocations
  7974 | D:10     | Killed a two-headed ogre
  8136 | D:10     | Noticed Snorg
  8176 | D:10     | Killed Snorg
  8176 | D:10     | Received a gift from Okawaru
  8179 | D:10     | Got a polished scale mail {god gift}
  8431 | D:10     | Noticed Josephine
  8443 | D:10     | Killed Josephine
  8463 | D:10     | Reached skill level 12 in Invocations
  8639 | D:10     | Found a staircase to the Orcish Mines.
  8765 | D:11     | Reached XP level 12. HP: 115/115 MP: 21/21
  8912 | D:11     | Reached ****** piety under Okawaru
  9208 | D:11     | Reached skill level 13 in Invocations
  9251 | D:11     | Found a shadowy altar of Dithmenos.
  9365 | D:11     | Noticed a centaur warrior
  9371 | D:11     | Killed a centaur warrior
  9371 | D:11     | Reached skill level 15 in Axes
  9851 | D:12     | Received a gift from Okawaru
  9854 | D:12     | Got a steaming buckler {god gift}
  9860 | D:12     | Identified the +3 buckler of Xowave {rF+ Dex+4} (Okawaru gifted it to you on level 12 of the Dungeon)
  9948 | D:12     | Reached skill level 1 in Shields
 10131 | D:12     | Reached skill level 5 in Armour
 10955 | Lair:1   | Entered Level 1 of the Lair of Beasts
 10961 | Lair:1   | Learned a level 2 spell: Blink
 11061 | Lair:1   | Reached XP level 13. HP: 115/123 MP: 23/23
 11855 | Lair:2   | Noticed Sonja
 11874 | Lair:2   | Cast into level 1 of the Abyss (Sonja)
 12018 | Abyss:1  | Noticed an Executioner
 12038 | Abyss:1  | Killed an Executioner
 12038 | Abyss:1  | Received a gift from Okawaru
 12079 | Abyss:1  | Noticed a tentacled starspawn
 12126 | Abyss:1  | Noticed a starcursed mass
 12156 | Abyss:1  | Gained mutation: You are agile. (Dex +2) [potion of mutation]
 12156 | Abyss:1  | Gained mutation: Your mind is acute. (Int +2) [potion of mutation]
 12156 | Abyss:1  | Lost mutation: You are agile. (Dex +2) [potion of mutation]
 12351 | Abyss:1  | Noticed a lich
 12366 | Abyss:1  | Found a corrupted altar of Lugonu.
 12389 | Abyss:1  | Noticed a deep elf elementalist
 12411 | Abyss:1  | Reached skill level 14 in Invocations
 12491 | Abyss:1  | Noticed a rakshasa
 12513 | Abyss:1  | Killed a rakshasa
 12652 | Lair:2   | Escaped the Abyss
 13669 | D:13     | Noticed Erolcha
 13676 | D:13     | Found a basalt altar of Yredelemnul.
 13680 | D:13     | Reached skill level 15 in Invocations
 13688 | D:13     | Killed Erolcha
 14334 | Orc:1    | Entered Level 1 of the Orcish Mines
 14391 | Orc:1    | Found Cextyste's Book Boutique.
 14419 | Orc:1    | Noticed an orc warlord
 14450 | D:10     | Reached skill level 16 in Invocations
 14840 | Lair:2   | Killed Sonja
 14846 | Lair:2   | Reached XP level 14. HP: 105/132 MP: 26/26
 15091 | Lair:2   | Found a hole to the Spider Nest.
 15632 | Lair:3   | Identified the +1 scale mail of the Midnight Sun {rPois Int-4 Dex+4} (Okawaru gifted it to you on level 10 of the Dungeon)
 16164 | Lair:3   | Found a staircase to the Shoals.
 16409 | Lair:4   | Found a burning altar of Makhleb.
 16541 | Lair:4   | Received a gift from Okawaru
 16848 | Lair:4   | Reached skill level 10 in Armour
 17176 | Lair:4   | Reached skill level 1 in Maces & Flails
 18312 | Lair:6   | Entered Level 6 of the Lair of Beasts
 18352 | Lair:6   | Found a frozen archway.
 18416 | IceCv    | Entered an ice cave
 18744 | IceCv    | Got a vibrating silver ring
 18780 | IceCv    | Got a heavily runed ivory ring
 18789 | IceCv    | Identified the ring of Lamy {rN+ MR+ MP+9 Stlth+} (You found it in an ice cave)
 18791 | IceCv    | Identified the ring "Mapiwaol" {rPois MR+} (You found it in an ice cave)
 19037 | Lair:6   | Reached skill level 1 in Evocations
 19079 | Lair:6   | Found a staircase to the Slime Pits.
 19335 | Lair:6   | Noticed HAL9000's ghost (journeyman VSEn)
 19383 | Lair:6   | Killed HAL9000's ghost
 19433 | Lair:6   | Reached skill level 15 in Fighting
 19458 | Lair:6   | Reached skill level 17 in Invocations
 19806 | Lair:5   | Reached XP level 15. HP: 71/141 MP: 27/27
 20255 | Lair:6   | Received a gift from Okawaru
 20273 | Lair:6   | Reached skill level 5 in Evocations
 20304 | Lair:6   | Got a pair of crude boots {god gift}
 20320 | Lair:6   | Identified the +3 pair of boots of Ytiekk {-Tele Int+3} (Okawaru gifted it to you on level 6 of the Lair of Beasts)
 20404 | Lair:6   | Found a burning altar of Makhleb.
 20409 | Lair:6   | Found a gateway to Hell.
 20804 | Orc:1    | Killed an orc warlord
 21196 | Orc:2    | Entered Level 2 of the Orcish Mines
 21226 | Orc:2    | Upgraded the game from 0.20-a0-351-gc9b4002 to 0.20-a0-369-g71b9d6e
 21230 | Orc:2    | Found a roughly hewn altar of Beogh.
 21558 | Orc:2    | Noticed Azrael
 21576 | Orc:2    | Killed Azrael
 21817 | Orc:2    | Noticed Maurice
 21830 | Orc:2    | Killed Maurice
 21868 | Orc:2    | Found a staircase to the Elven Halls.
 22133 | Orc:2    | Noticed an orc warlord
 22497 | Orc:2    | Slain by an orc warrior

Vault maps used:
D:1:      grunt_arrival_crossed_arrows, roderic_serpentine_path,
          minmay_misc_feat_tower
D:2:      kb_forest_paths
D:3:      gammafunk_temple_overflow_wave, corexii_shack
D:4:      first_bread, minmay_misc_feat_chi
D:5:      kennysheep_ying_yang
D:6:      minmay_misc_feat_room
D:7:      lemuel_crystal_altar
D:8:      kennysheep_windowed_halls, grunt_temple_overflow_order_and_chaos_2,
          grunt_temple_overflow_open, dpeg_lair_monsters, basic_altar
D:9:      tso_altar, nicolae_overflow_quartered_altars, serial_shops, shop,
          hangedman_pestilent_swarm
D:10:     orc_0_dummy, minmay_misc_feat_rows, uniq_snorg, uniq_josephine,
          uniq_harold
D:11:     basic_altar
D:13:     hangedman_cross_veins, grunt_vaults_entry_fortified, basic_altar,
          uniq_erolcha, uniq_urug
Temple:   corrupted_temple
Lair:2:   spider_nest_entry_funnel_web, grunt_megastairs_3, uniq_sonja
Lair:3:   elwin_shoals_entry_rooms
Lair:4:   basic_altar, serial_bayou_shore_a
Lair:6:   evil_forest, minmay_slime_entry_jelly_boxes,
          portal_ice_cave_demonic_guard
Orc:1:    serial_shops, nicolae_shop_statue_plus
Orc:2:    st_orc_congregation, basic_altar, uniq_maurice, uniq_azrael
Abyss:1:  minivault_13, abyss_furniture_001
IceCv:    ice_cave_small_dragons

Skill      XL: |  1  2  3  4  5  6  7  8  9 10 11 12 13 14 15 |
---------------+----------------------------------------------+-----
Fighting       | 4 5 6 7 8 10 11 13 14 15 | 15.8
Axes           | 5 6 7 8 9 11 13 14 15 | 15.1
Armour         | 2 4 6 9 11 | 11.0
Invocations    | 4 7 10 12 13 16 17 | 17.7
Shields        | 4 |  4.3
Dodging        | 4 |  4.8
Maces & Flails | 4 |  4.8
Evocations     | 3 5 |  5.7
Stealth        | 4 |  4.2

Action                   |  1- 3 |  4- 6 |  7- 9 | 10-12 | 13-15 || total
-------------------------+-------+-------+-------+-------+-------++-------
Melee: Hand axe          |   114 |   191 |    69 |       |       ||   374
       Mace              |       |       |   264 |   702 |  1534 ||  2500
Invok: Heroism           |       |       |     7 |    12 |    23 ||    42
       Finesse           |       |       |       |     2 |    16 ||    18
Evoke: Wand              |       |       |       |     4 |    12 ||    16
  Use: Scroll            |     7 |     2 |    12 |     8 |    17 ||    46
       Potion            |       |       |     5 |     5 |    18 ||    28
 Stab: Confused          |       |       |       |       |     1 ||     1
       Sleeping          |       |       |       |       |     2 ||     2
       Distracted        |       |       |       |       |     1 ||     1
  Eat: Chunk             |     1 |     4 |     5 |     9 |     7 ||    26
       Royal jelly       |       |       |     2 |       |     9 ||    11
       Beef jerky        |       |       |     4 |     4 |     2 ||    10
       Fruit             |       |       |       |     7 |    14 ||    21
       Meat ration       |       |       |       |       |     1 ||     1
       Pizza             |       |       |       |       |     1 ||     1
Armor: Scale mail        |    50 |       |       |       |       ||    50
       Chain mail        |     4 |    99 |   171 |   403 |   588 ||  1265
       Skin              |       |       |       |       |    14 ||    14
Dodge: Dodged            |    64 |   118 |   235 |   574 |   790 ||  1781
Block: Buckler           |       |       |       |    75 |   713 ||   788
